Map: Orbital Shipyard

Players

Heuschrecke - Winner!

  • Race: Terran Terran
  • League: Platinum

LilDicky

  • Race: Terran Terran
  • League: Diamond

VOD

http://www.twitch.tv/tumescentpie

Description

Time

  • Played on: Dec. 10, 2015, 5:25 p.m.
  • Length: 16:34
Show
View Real Time Build Order
Export as new Build Order

Heuschrecke Terran - Winner!

Build Orders: Liberator Opening, MMM Bio 

Get SALT Encoding   

  12  0:01  SCV  
  13  0:13  SCV  
  14  0:19  Supply Depot  
  14  0:26  SCV  
  15  0:30  Refinery  
  15  0:41  SCV  
  16  0:47  Barracks  
  16  0:53  SCV  
  17  1:04  Supply Depot  
  17  1:05  SCV  
  18  1:17  SCV  
  19  1:29  SCV  
  20  1:36  Barracks Reactor  
  20  1:41  Orbital Command  
  20  1:51  Factory  
  20  1:58  Supply Depot  
  20  2:07  SCV  
  21  2:12  Marine x2  
  23  2:19  SCV  
  24  2:30  Marine x2  
  26  2:37  SCV  
  26  2:41  Factory Tech Lab  
  27  2:44  Command Center  
  27  2:46  Starport  
  27  2:49  SCV  
  28  2:53  Marine  
  28  2:54  Marine  
  30  3:04  SCV  
  31  3:08  Refinery  
  31  3:15  Liberator  
  31  3:17  SCV, Engineering Bay  
  36  3:34  SCV  
  36  3:35  Supply Depot  
  36  3:41  Barracks  
  36  3:46  Missile Turret  
  36  3:52  SCV  
  36  3:55  Marine x2  
  39  4:05  Terran Infantry Armor Level 1  
  39  4:06  Orbital Command  
  39  4:10  SCV  
  40  4:25  SCV  
  40  4:29  Cyclone  
  44  4:34  Barracks Tech Lab  
  44  4:43  SCV, Missile Turret  
  44  4:45  Marine x2  
  47  4:49  SCV  
  47  4:51  Missile Turret  
  47  4:52  Stimpack  
  48  5:11  SCV  
  49  5:15  Marine x2  
  49  5:18  Siege Tank  
  55  5:21  SCV  
  55  5:23  SCV  
  56  5:33  Marine x2  
  56  5:34  SCV  
  56  5:35  SCV, Starport Reactor  
  60  5:46  SCV  
  58  5:50  Siege Tank  
  61  5:57  Barracks  
  61  5:59  Marine  
  62  6:04  Command Center, Supply Depot  
  62  6:06  Supply Depot  
  62  6:09  Refinery  
  62  6:12  Refinery  
  62  6:15  Terran Infantry Weapons Level 1, SCV, Missile Turret  
  62  6:26  SCV, Marauder, Marine  
  62  6:32  Medivac  
  68  6:34  Marine  
  68  6:38  Missile Turret  
  69  6:43  Marine  
  70  6:51  Barracks Reactor  
  70  6:53  Barracks  
  70  6:55  SCV  
  70  6:56  SCV  
  70  6:59  Supply Depot  
  70  7:00  Barracks  
  70  7:01  Supply Depot  
  72  7:07  Viking x2  
  72  7:08  SCV x2  
  76  7:42  Marine x2  
  76  7:43  Marine x4  
  76  7:44  SCV x2  
  84  7:56  SCV x2  
  86  8:00  Marine x4  
  86  8:01  Marauder, Marine  
  86  8:03  Orbital Command  
  91  8:05  Supply Depot  
  91  8:06  Supply Depot  
  91  8:09  Supply Depot  
  91  8:11  Missile Turret  
  91  8:20  Marine x5  
  91  8:22  SCV  
  91  8:23  Missile Turret, Marauder  
  99  8:30  Hi-Sec Auto Tracking  
  99  8:35  Armory  
  99  8:44  Marauder  
  96  9:06  Marauder  
  98  9:19  Marine x5  
  98  9:22  SCV x2  
  98  9:23  SCV  
  106  9:24  Barracks  
  106  9:27  Marauder  
  106  9:29  Terran Ship Weapons Level 1  
  106  9:30  Terran Infantry Weapons Level 2  
  108  9:32  Barracks  
  108  9:34  Barracks Reactor, SCV  
  108  9:37  Starport, Marine x5  
  114  9:39  Barracks  
  114  9:40  Engineering Bay  
  114  9:47  Refinery  
  114  9:48  Marauder  
  114  9:49  Refinery  
  116  9:53  Medivac x2  
  116  9:54  Marine  
  116  9:55  Marine x4  
  125  10:10  Marauder  
  125  10:12  Marine  
  113  10:21  Marine x2  
  113  10:22  Marine x4  
  113  10:23  SCV x2  
  113  10:24  SCV  
  121  10:29  Supply Depot  
  121  10:30  Supply Depot, Marine  
  121  10:31  Marauder  
  124  10:39  Marine x3  
  127  10:47  Combat Shields  
  127  10:48  Barracks Tech Lab  
  127  10:51  SCV x2, Supply Depot  
  127  10:52  Terran Infantry Armor Level 2  
  127  10:54  Marine x3  
  127  10:55  Marauder, Marine  
  135  10:59  Barracks Tech Lab  
  135  11:00  Starport  
  135  11:08  SCV x2, Factory, Siege Tank  
  138  11:14  Barracks Reactor  
  119  11:28  Marine x4  
  119  11:29  Marine x2  
  119  11:30  Barracks Reactor  
  125  11:38  Command Center  
  123  11:40  Siege Tank  
  117  12:03  Viking x2  
  117  12:05  Starport Reactor  
  114  12:32  Marine x5  
  114  12:33  Marine x7  
  123  12:50  Marine x10  
  123  12:51  Marauder, Marine  
  129  12:59  Viking x2  
  133  13:08  Liberator, Marine x10  
  133  13:09  Missile Turret, Marauder  
  144  13:18  Marine  
  143  13:25  Marine  
  143  13:26  Marine  
  147  13:31  Missile Turret  
  147  13:37  Factory Tech Lab  
  136  13:53  Missile Turret  
  121  14:11  Marine  
  121  14:12  Marine x11  
  121  14:13  Liberator  
  121  14:14  Liberator x3  
  129  14:29  Marine  
  129  14:30  Marine x9  
  148  14:33  Thor  
  148  14:34  Thor  
  148  14:36  Marine x2  
  165  14:47  Marine x2  
  163  15:16  Thor  
  169  15:21  Marine x2  
  169  15:22  Marine  
  172  15:34  Marine x2  
  172  15:44  Marine, Starport Reactor  
  172  15:45  Supply Depot, Marine  
  172  15:46  Marine  
  172  15:47  Marine x2  
  172  15:48  Marine x2  
  172  15:49  Supply Depot  
  172  15:52  Marine  
  172  15:54  Marine  
  172  16:04  Marine x5  
  172  16:05  Marine  
  172  16:06  Marine x2  
Show
View Real Time Build Order
Export as new Build Order

LilDicky Terran 

Build Orders:  

Get SALT Encoding   

  12  0:01  SCV  
  13  0:14  SCV  
  14  0:20  Supply Depot  
  14  0:26  SCV  
  15  0:41  SCV  
  16  0:44  Barracks  
  16  0:54  SCV  
  17  0:58  Refinery  
  17  1:06  SCV  
  18  1:18  SCV  
  21  1:33  Supply Depot  
  21  1:34  Orbital Command  
  20  1:42  Command Center  
  19  1:47  Marine  
  19  1:51  Supply Depot  
  20  2:00  SCV  
  21  2:05  Marine  
  21  2:08  Refinery  
  22  2:23  Marine  
  22  2:27  SCV, Factory  
  23  2:39  SCV  
  24  2:50  Barracks Reactor  
  24  2:51  SCV  
  24  2:55  Refinery  
  24  2:56  Orbital Command  
  25  3:00  Refinery  
  25  3:03  SCV  
  26  3:15  SCV  
  26  3:16  Factory Tech Lab, Starport  
  27  3:23  SCV  
  28  3:28  SCV  
  28  3:29  Marine  
  28  3:30  Marine  
  31  3:35  SCV  
  32  3:43  SCV  
  32  3:46  Marine  
  32  3:47  SCV  
  32  3:48  Marine  
  36  3:55  SCV  
  37  4:03  Corvid Reactor  
  37  4:05  Raven  
  39  4:14  SCV  
  39  4:15  SCV  
  41  4:23  Widow Mine  
  41  4:25  Command Center  
  41  4:26  SCV  
  41  4:28  SCV  
  46  4:37  Supply Depot  
  45  4:38  SCV  
  46  4:48  SCV  
  46  4:50  Raven  
  49  4:55  Starport  
  45  5:30  Widow Mine x2  
  45  5:31  SCV  
  45  5:33  Starport Tech Lab  
  45  5:35  Raven  
  49  5:59  SCV  
  49  6:02  SCV  
  51  6:04  Barracks Tech Lab  
  51  6:05  Orbital Command  
  51  6:11  SCV  
  52  6:14  SCV  
  52  6:45  Widow Mine x2  
  52  6:47  Raven x2  
  52  6:48  SCV  
  57  7:04  Starport  
  57  7:05  Command Center  
  57  7:06  Command Center, Starport  
  57  7:13  Widow Mine x2  
  49  7:38  Raven x2  
  53  7:46  Widow Mine x2  
  53  8:01  Barracks Tech Lab  
  53  8:02  Starport Tech Lab x2  
  47  8:35  Orbital Command  
  47  8:39  Raven x3  
  47  8:40  Raven  
  55  8:54  Widow Mine x2  
  59  9:22  Raven x2  
  59  9:23  Widow Mine  
  65  9:31  Raven  
  67  9:41  Orbital Command  
  67  9:42  Refinery  
  67  9:43  Refinery  
  63  10:14  Widow Mine x2  
  65  10:27  Raven  
  67  10:33  Supply Depot, SCV  
  67  10:34  Supply Depot  
  67  10:35  Supply Depot  
  68  10:39  Supply Depot, Raven x2  
  68  10:40  Supply Depot, SCV  
  68  10:42  SCV  
  74  10:43  Supply Depot  
  74  10:54  SCV, Raven  
  77  11:06  SCV  
  76  11:18  SCV  
  73  11:24  Raven x2  
  77  11:30  SCV  
  65  13:05  Widow Mine  
  63  13:26  Starport Tech Lab  
  63  13:27  Starport Tech Lab  
  63  13:29  Raven x2  
  61  14:00  Orbital Command  
  59  14:11  Raven  
Tags
 
Add a new tag
Caveats
  • Supply blocks, unpowered buildings, or Contaminate may cause inaccurate times.
  • Supply counts are checked every 10 seconds.